 Dungeon Crawl Stone Soup version 0.29.1-13-g9f3cf754e1 (webtiles) character file.

Game seed: 10524549773327382091

433 FaviusArthum the Conjurer (level 6, 0/49 HPs)
             Began as a Deep Elf Conjurer on Jan 29, 2023.
             Was an Initiate of Sif Muna.
             Slain by an iguana (6 damage)
             ... on level 5 of the Dungeon on Jan 30, 2023.
             The game lasted 00:17:21 (6395 turns).

FaviusArthum the Conjurer (Deep Elf Conjurer)       Turns: 6395, Time: 00:17:21

Health: 0/49       AC: 23    Str:  4    XL:     6   Next: 67%
Magic:  1/16       EV:  2    Int: 25    God:    Sif Muna [......]
Gold:   1195       SH:  5    Dex: 13    Spells: 6/16 levels left

rFire   . . .      SeeInvis .   c - +0 dagger
rCold   . . .      Faith    .   (no shield)
rNeg    . . .      Spirit   .   (body armour currently unavailable)
rPois   +          Reflect  +   (helmet currently unavailable)
rElec   .          Harm     .   (cloak currently unavailable)
rCorr   .          Rampage  .   (gloves currently unavailable)
Will    .....      NoTele   +   (boots currently unavailable)
Stlth   ++........              g - amulet of reflection
HPRegen 0.16/turn               (no ring)
MPRegen 0.15/turn               (no ring)

@: tree-form
A: stationary, stasis, torment immunity, boosted hp
a: Renounce Religion


You were on level 5 of the Dungeon.
You worshipped Sif Muna.
Sif Muna was noncommittal.
You were a tree.
You visited 2 branches of the dungeon, and saw 6 of its levels.

You collected 1217 gold pieces.
You spent 22 gold pieces at shops.

Inventory:

Hand Weapons
 c - a +0 dagger (weapon)
Armour
 a - a +0 robe (melded)
Magical Staves
 k - a staff of earth
Jewellery
 g - an amulet of reflection (around neck)
Wands
 o - a wand of polymorph (9)
 w - a wand of quicksilver (10)
 y - a wand of roots (8)
Scrolls
 d - 3 scrolls of enchant armour
 h - a scroll of torment
 l - a scroll of enchant weapon {unknown}
 m - 2 scrolls of noise
 s - a scroll of amnesia
 u - a scroll of magic mapping
 A - a scroll of fog {unknown}
Potions
 b - a potion of lignification
 f - a potion of invisibility {unknown}
 i - a potion of brilliance
 j - a potion of might {unknown}
 n - a potion of attraction {unknown}
 p - a potion of mutation {unknown}
 r - 2 potions of curing {unknown}
 t - a potion of haste {unknown}
 v - a potion of berserk rage {unknown}
 z - a potion of cancellation {unknown}


   Skills:
 + Level 0.3 Fighting
 + Level 1.0 Short Blades
 + Level 2.6 Dodging
 + Level 4.0 Stealth
 + Level 5.5 Spellcasting
 + Level 6.7 Conjurations
 + Level 2.4 Hexes


You had 6 spell levels left.
You knew the following spells:

 Your Spells              Type           Power      Damage    Failure   Level
a - Magic Dart            Conj           100%       1d8       1%          1
b - Searing Ray           Conj           80%        2d7       1%          2
c - Fulminant Prism       Conj/Hex       14%        3d9       12%         4
d - Gell's Gravitas       Tloc           6%         N/A       24%         3

Your spell library contained the following spells:

 Spells                   Type           Power      Damage    Failure   Level
 Dazzling Flash           Conj/Hex       58%        N/A       3%          3
 Iskenderun's Mystic Bla  Conj/Tloc      23%        2d6       21%         4
 Lesser Beckoning         Tloc           6%         N/A       24%         3
 Teleport Other           Tloc           6%         N/A       24%         3


Dungeon Overview and Level Annotations

Branches:
Dungeon (5/15)             Temple (1/1) D:4

Altars:
Ashenzari
Cheibriados
Dithmenos
Elyvilon
Fedhas
Gozag
Hepliaklqana
Kikubaaqudgha
Makhleb
Nemelex Xobeh
Okawaru
Qazlal
Sif Muna
Trog
Uskayaw
Vehumet
Xom
Yredelemnul
Zin
The Shining One

Shops:
D:1 *

Annotations:
D:2 Natasha
D:3 Grinder


Message History

Found 6 stones.
Casting: Searing Ray (safe; 1% risk of failure)
Confirm with . or Enter, or press ? or * to list all spells.
Aiming: Searing Ray (safe; 1% risk of failure)
Press: ? - help, Shift-Dir - straight line, f - iguana, p - ogre
Aim: an iguana (84% to hit)
Okay, then.
Casting: Searing Ray (safe; 1% risk of failure)
Confirm with . or Enter, or press ? or * to list all spells.
You don't have enough magic to cast this spell.
There are monsters nearby!
You see here 6 stones.
Casting: Searing Ray (safe; 1% risk of failure)
Confirm with . or Enter, or press ? or * to list all spells.
Aiming: Searing Ray (safe; 1% risk of failure)
Press: ? - help, Shift-Dir - straight line, f - iguana, p - ogre
Aim: an iguana (84% to hit)
The searing ray hits the iguana.
The iguana is lightly wounded. (Press . to maintain the ray.) Unknown command.
Casting: Searing Ray (safe; 1% risk of failure)
Confirm with . or Enter, or press ? or * to list all spells.
You don't have enough magic to cast this spell.
Casting: Searing Ray (safe; 1% risk of failure)
Confirm with . or Enter, or press ? or * to list all spells.
Aiming: Magic Dart (safe; 1% risk of failure)
Press: ? - help, Shift-Dir - straight line, f/p - iguana
Aim: an iguana (lightly wounded, 100% to hit)
The magic dart hits the iguana!
The iguana is heavily wounded.
The iguana bites you but does no damage.
Unknown command.
You hit the iguana but do no damage.
The iguana is heavily wounded.
You block the iguana's attack.
It was a potion of lignification.
You turn into a tree.
Your +0 robe melds into your body.
Your roots penetrate the ground.
The iguana bites you.
You die...

~ ~P ~P . ..
~~~♣. ######
♣...##..(.#
#.♣l##.#
#.####.## .
#.#.....#
..###.#.#.#.#
.>..... #.#...
......###)####.#
........#.# #
#....<.O#
#.#######


You could see an iguana.

Vanquished Creatures
  An ogre (D:4)
  A scorpion (D:4)
  A hound (D:4)
  2 orc priests
  Natasha (D:2)
  5 gnolls
  2 adders (D:3)
  A river rat (D:4)
  2 worms (D:2)
  3 dart slugs
  15 orcs
  2 bats (D:3)
  6 endoplasms
  4 giant cockroaches (D:1)
  4 goblins
  5 hobgoblins
  2 jackals (D:3)
  4 quokkas
  5 ball pythons
  7 frilled lizards
  4 kobolds
  4 rats
81 creatures vanquished.

Vanquished Creatures (others)
  12 fulminant prisms
  5 plants
17 creatures vanquished.

Grand Total: 98 creatures vanquished

Notes
Turn   | Place    | Note
-------+----------+-------------------------------------------
     0 | D:1      | FaviusArthum the Deep Elf Conjurer began the quest for the
                  | Orb.
     0 | D:1      | Reached XP level 1. HP: 10/10 MP: 6/6
   311 | D:1      | Reached XP level 2. HP: 15/15 MP: 6/8
   314 | D:1      | Learned a level 2 spell: Searing Ray
   556 | D:1      | Found Odelieh's General Store.
   562 | D:1      | Bought a scroll of identify for 22 gold pieces
   760 | D:1      | Reached skill level 5 in Conjurations
  1400 | D:2      | Found a faded altar of an unknown god.
  1402 | D:2      | Reached XP level 3. HP: 19/19 MP: 6/9
  1519 | D:2      | Noticed Natasha
  1951 | D:2      | Killed Natasha
  1977 | D:2      | Noticed Natasha
  2613 | D:3      | Found a stormy altar of Qazlal.
  2628 | D:3      | Reached XP level 4. HP: 24/24 MP: 8/11
  2980 | D:3      | Noticed Grinder
  3313 | D:3      | Paralysed by Grinder for 4 turns
  3698 | D:4      | Reached XP level 5. HP: 28/28 MP: 8/13
  3703 | D:4      | Learned a level 4 spell: Fulminant Prism
  4167 | D:4      | Reached skill level 1 in Short Blades
  4167 | D:4      | Reached skill level 6 in Conjurations
  4167 | D:4      | Reached skill level 1 in Hexes
  4273 | D:4      | Found a staircase to the Ecumenical Temple.
  4295 | D:4      | Noticed an ogre
  4436 | D:3      | Reached skill level 5 in Spellcasting
  4563 | D:4      | Killed an ogre
  4564 | D:4      | Reached XP level 6. HP: 32/32 MP: 6/16
  4665 | D:4      | Found a hide-covered altar of Uskayaw.
  5072 | D:4      | Noticed Ijyb
  5114 | D:4      | Noticed Ijyb
  5114 | D:4      | Ijyb changed into Ijyb the river rat
  5117 | D:4      | Killed Ijyb the river rat
  5456 | D:4      | Found a shadowy altar of Dithmenos.
  5824 | Temple   | Entered the Ecumenical Temple
  5956 | Temple   | Became a worshipper of Sif Muna the Loreminder
  6101 | D:5      | Entered Level 5 of the Dungeon
  6235 | D:5      | Learned a level 3 spell: Gell's Gravitas
  6277 | D:4      | Identified a scroll of acquirement
  6280 | D:4      | Acquired 956 gold pieces
  6395 | D:5      | Slain by an iguana

Illustrated notes

Levels and vault maps discovered:
D:1:      wheals_arrival_shading, layout_loops_corners, serial_shops, shop
D:2:      layout_loops_ring, shapermc_ecumenical_altar_acropolis, uniq_natasha
D:3:      layout_basic, amcnicky_altar_gilded, patterned_corridor, uniq_grinder
D:4:      layout_basic, mainiacjoe_overflow_swirl, minmay_temple_entry_tees,
          serial_co_window_serial, co_window_corner_a,
          co_window_of_opportunity_a, co_window_corner_a, co_window_paths_a,
          co_window_paths_a, co_window_corner_cb, co_window_unsneaky_path_a,
          co_window_2corner, co_window_corner_b, co_window_4corner_b,
          glass_columns_b, glass_columns_a, glass_columns_a, glass_columns_a,
          glass_columns_a, serial_bayou_pond_e, uniq_ijyb
D:5:      old_forge, layout_basic, serial_bayou_lagoon_b
Temple:   minmay_crystal_spiral_temple

Skill      XL: |  1  2  3  4  5  6 |
---------------+-------------------+-----
Conjurations   | 5 6 |  6.7
Stealth        | 3 4 |  4.0
Spellcasting   | 4 5 |  5.5
Short Blades   | 1 |  1.0
Hexes          | 2 |  2.4
Fighting       | |  0.3
Dodging        | |  2.6

Action                   |  1- 3 |  4- 6 || total
-------------------------+-------+-------++-------
Melee: Dagger            |     3 |     1 ||     4
 Cast: Magic Dart        |    57 |    70 ||   127
       Searing Ray       |     9 |    29 ||    38
       Fulminant Prism   |       |    12 ||    12
Evoke: Wand              |       |     2 ||     2
  Use: Scroll            |     1 |     9 ||    10
       Potion            |       |     2 ||     2
Armor: Robe              |       |     1 ||     1
Dodge: Dodged            |     3 |    10 ||    13
Block: Other             |     1 |     3 ||     4
